 Dungeon Crawl Stone Soup version 0.22.1-2-g9c5b331383 (webtiles) character file.

205 Ihlosi the Ducker (level 6, 0/55 HPs)
             Began as a Kobold Gladiator on Dec 8, 2018.
             Slain by Duvessa
             ... wielding a +0 rapier
              (20 damage)
             ... on level 4 of the Dungeon.
             The game lasted 00:06:09 (2747 turns).

Ihlosi the Ducker (Kobold Gladiator)                Turns: 2747, Time: 00:06:10

Health: 0/55       AC:  4    Str: 17    XL:     6   Next: 10%
Magic:  6/6        EV: 17    Int: 10    God:
Gold:   166        SH:  0    Dex: 17    Spells: 5/5 levels left

rFire    . . .     SeeInvis .   b - +2 short sword (freeze)
rCold    . . .     Gourm    .   (shield restricted)
rNeg     . . .     Faith    .   n - +0 leather armour
rPois    .         Spirit   .   c - +0 helmet
rElec    .         Reflect  .   (no cloak)
rCorr    .         Harm     .   (no gloves)
MR       +....                  (no boots)
Stlth    ..........             (no amulet)
HPRegen  0.18/turn              i - ring of protection from magic
MPRegen  0.10/turn              (no ring)

@: berserking, very quick
A: small, carnivore
a: no special abilities


You were on level 4 of the Dungeon.
You were very full.

You visited 1 branch of the dungeon, and saw 4 of its levels.

You collected 166 gold pieces.

Inventory:

Hand Weapons
 a - a +0 long sword
 b - a +2 short sword of freezing (weapon)
Missiles
 d - 3 throwing nets (quivered)
 e - 29 poisoned needles
Armour
 c - a +0 helmet (worn)
 n - a +0 leather armour (worn)
 q - a +0 ring mail
Jewellery
 i - a ring of protection from magic (left hand)
 j - an uncursed amulet of faith
Scrolls
 r - 3 scrolls of noise {unknown}
 s - a scroll of remove curse
Potions
 g - 2 potions of lignification
 h - a potion of mutation
 k - a potion of flight {unknown}
 l - a potion of berserk rage
 m - 2 potions of heal wounds
 o - a potion of might {unknown}
 p - a potion of brilliance {unknown}
Comestibles
 f - 8 rations


   Skills:
 * Level 3.1 Fighting
 + Level 2.9(4.3) Short Blades
 + Level 3.0(3.2) Long Blades
 - Level 2.1 Throwing
 - Level 1.0 Armour
 * Level 4.7 Dodging
 * Level 3.3 Stealth


You had 5 spell levels left.
You didn't know any spells.
Your spell library was empty.

Dungeon Overview and Level Annotations

Branches:
Dungeon (4/15)
 Temple: D:4-7

Altars:

Annotations:
D:4 Duvessa, Eustachio


Innate Abilities, Weirdness & Mutations

You are small and have problems with some larger weapons.
You are carnivorous and can eat meat at any time.


Message History

Duvessa hits you with a rapier. Dowan casts a spell at you.
The puff of frost hits you! Eustachio closely misses you.
Unknown command.
You closely miss Dowan. You completely miss Dowan. Dowan closely misses you.
Duvessa barely misses you. Eustachio hits you with a falchion.
You closely miss Dowan. Dowan barely misses you.
You puncture Dowan! You freeze Dowan!
You kill Dowan!
Duvessa screams in rage.
Duvessa goes berserk!
Your Stealth skill increases to level 3!
You have reached level 6!
Your experience leads to an increase in your attributes!
Your base attributes are Str 11, Int 10, Dex 17.
Increase (S)trength, (I)ntelligence, or (D)exterity?
You feel stronger. Duvessa hits you with a rapier!!
You die...

##.<.# .......
##....# .......
#..#### .......
#.## >...... #.#
....... #.#
....... #.#
#!....e##.###...
#....@@.........
#..#.).....#....
#.........# ..
#....O.......
........#......
#.......###.....
......... .....
......#.) .#...


You could see Eustachio, Duvessa (berserk) and an ogre.

Vanquished Creatures
  Dowan (D:4)
  A scorpion (D:3)
  3 adders
  2 oozes
  3 worms (D:2)
  3 dart slugs (D:2)
  3 leopard geckos
  8 bats
  4 giant cockroaches
  4 goblins
  A hobgoblin (D:3)
  3 jackals (D:3)
  A quokka (D:3)
  8 frilled lizards
  7 kobolds
  14 rats
66 creatures vanquished.

Notes
Turn   | Place    | Note
-------+----------+-------------------------------------------
     0 | D:1      | Ihlosi the Kobold Gladiator began the quest for the Orb.
     0 | D:1      | Reached XP level 1. HP: 12/12 MP: 1/1
   145 | D:1      | Reached XP level 2. HP: 12/17 MP: 2/2
   524 | D:1      | Reached skill level 4 in Dodging
   874 | D:2      | Reached skill level 1 in Stealth
   874 | D:2      | Reached XP level 3. HP: 22/22 MP: 3/3
  1140 | D:2      | Reached XP level 4. HP: 27/27 MP: 4/4
  1230 | D:2      | Reached skill level 1 in Armour
  1925 | D:3      | Reached skill level 1 in Short Blades
  2017 | D:3      | Reached XP level 5. HP: 27/31 MP: 5/5
  2738 | D:4      | Noticed Dowan
  2741 | D:4      | Noticed Duvessa
  2742 | D:4      | Noticed Eustachio
  2742 | D:4      | Noticed an ogre
  2747 | D:4      | Killed Dowan
  2747 | D:4      | Reached XP level 6. HP: 20/37 MP: 6/6
  2747 | D:4      | Slain by Duvessa

Skill      XL: |  1  2  3  4  5 |
---------------+----------------+-----
Dodging        | 4 |  4.7
Stealth        | 1 2 3 |  3.3
Armour         | 1 |  1.0
Long Blades    | 3 |  3.0
Short Blades   | 1 2 |  2.9
Fighting       | 3 |  3.1
Throwing       | |  2.1

Action                   |  1- 3 |  4- 6 || total
-------------------------+-------+-------++-------
Melee: Long sword        |    50 |       ||    50
       Short sword       |    14 |    97 ||   111
  Use: Scroll            |       |     6 ||     6
       Potion            |       |     1 ||     1
 Stab: Sleeping          |     2 |     6 ||     8
  Eat: Chunk             |     8 |     4 ||    12
Armor: Leather armour    |     7 |    14 ||    21
Dodge: Dodged            |    36 |    65 ||   101
       Rpst.: Long sword |     6 |       ||     6
